 Seeded DCSS version 0.28.0-1-gb440e238dd (webtiles) character file.

Game seed: 3182917763268536191 (custom seed)

91 Kazon the Skirmisher (level 4, 0/37 HPs)
             Began as a Human Berserker on Feb 23, 2022.
             Was a Believer of Trog.
             Slain by a kobold (2 damage)
             ... on level 2 of the Dungeon.
             The game lasted 00:04:59 (1805 turns).

Kazon the Skirmisher (Human Berserker)              Turns: 1805, Time: 00:05:00

Health: 0/37       AC:  2    Str: 25    XL:     4   Next: 87%
Magic:  4/4        EV: 12    Int:  7    God:    Trog [**....]
Gold:   84         SH:  0    Dex: 13    Spells: 3/3 levels left

rFire   . . .      SeeInvis .   a - +0 falchion
rCold   . . .      Faith    .   (no shield)
rNeg    . . .      Spirit   .   b - +0 animal skin
rPois   .          Reflect  .   (no helmet)
rElec   .          Harm     .   (no cloak)
rCorr   .          Rampage  .   (no gloves)
Will    ++...                   (no boots)
Stlth   +.........              (no amulet)
HPRegen 1.12/turn               n - +6 ring of strength
MPRegen 0.09/turn               (no ring)

@: strong-willed, regenerating
A: no striking features
a: Renounce Religion, Berserk, Trog's Hand


You were on level 2 of the Dungeon.
You worshipped Trog.
Trog was pleased with you.
You visited 1 branch of the dungeon, and saw 2 of its levels.

You collected 84 gold pieces.

Inventory:

Hand Weapons
 a - a +0 falchion (weapon)
Missiles
 f - 35 sling bullets
 i - 2 throwing nets
 m - 19 stones (quivered)
Armour
 b - a +0 animal skin (worn)
Jewellery
 n - a +6 ring of strength (left hand)
Scrolls
 c - a scroll of fear {unknown}
 e - a scroll of magic mapping {unknown}
 g - 2 scrolls of identify {unknown}
 h - 2 scrolls of enchant weapon {unknown}
 l - a scroll of silence {unknown}
Potions
 d - a potion of haste {unknown}
 j - a potion of might {unknown}
 k - a potion of mutation {unknown}


   Skills:
 * Level 4.0 Fighting
 + Level 4.0 Long Blades
 + Level 2.2 Armour
 + Level 2.3 Dodging
 + Level 0.1 Stealth


You had 3 spell levels left.
You didn't know any spells.
Your spell library was empty.

Dungeon Overview and Level Annotations

Branches:
Dungeon (2/15)

Altars:


Message History

You are no longer poisoned.
You are no longer berserk.
You are exhausted.
You feel yourself slow down.
Found a scroll labelled HIESEM BIED.
h - 2 scrolls labelled HIESEM BIED (gained 1)
Found a stone staircase leading down.
You feel yourself speed up.
A kobold comes into view. It is wielding a +0 dagger.
The kobold shouts!
The kobold completely misses you.
You hit the kobold.
The kobold is moderately wounded.
The kobold hits you with a +0 dagger.
You hit the kobold but do no damage.
The kobold is moderately wounded.
The kobold hits you with a +0 dagger.
* * * LOW HITPOINT WARNING * * *
You barely miss the kobold.
The kobold is moderately wounded.
The kobold hits you with a +0 dagger.
* * * LOW HITPOINT WARNING * * *
The kobold hits you with a +0 dagger.
* * * LOW HITPOINT WARNING * * *
You barely miss the kobold.
The kobold is moderately wounded.
The kobold hits you with a +0 dagger.
* * * LOW HITPOINT WARNING * * *
You barely miss the kobold.
The kobold is moderately wounded.
The kobold hits you but does no damage.
You hit the kobold but do no damage.
The kobold is moderately wounded.
You recover from your berserk rage.
The kobold hits you with a +0 dagger.
* * * LOW HITPOINT WARNING * * *
Your skin crawls.
You feel strong-willed. The kobold hits you with a +0 dagger.
You die...

## ## #.# ..
########.# .#
#......##K## ..
#.####.###@#.#
#####.####.....>#
#.......#########
#.###.#.#
#.###.#.#
#.......#
#.##.#..#
#.##.#..#
#.......#


You could see a kobold.

Vanquished Creatures
  Natasha (D:2)
  An adder (D:2)
  A worm (D:2)
  3 dart slugs
  7 endoplasms
  3 giant cockroaches (D:1)
  2 goblins (D:1)
  4 hobgoblins
  4 jackals (D:1)
  3 quokkas
  5 ball pythons
  A bat (D:1)
  A frilled lizard (D:1)
  2 kobolds (D:1)
  5 rats
43 creatures vanquished.

Notes
Turn   | Place    | Note
-------+----------+-------------------------------------------
     0 | D:1      | Kazon the Human Berserker began the quest for the Orb.
     0 | D:1      | Reached XP level 1. HP: 18/18 MP: 1/1
    71 | D:1      | Reached XP level 2. HP: 16/24 MP: 2/2
   629 | D:1      | Reached XP level 3. HP: 28/29 MP: 3/3
  1437 | D:2      | Reached XP level 4. HP: 30/37 MP: 4/4
  1582 | D:2      | Reached ** piety under Trog
  1730 | D:2      | Noticed Natasha
  1740 | D:2      | Killed Natasha
  1804 | D:2      | HP: 1/37 [kobold (4)]
  1805 | D:2      | Slain by a kobold

Illustrated notes

Levels and vault maps discovered:
D:1:      lightli_arrival_quake, layout_loops_ring
D:2:      layout_loops_cross, minmay_misc_feat_roman, uniq_natasha

Skill      XL: |  1  2  3  4 |
---------------+-------------+-----
Fighting       | 4 |  4.0
Long Blades    | 4 |  4.0
Armour         | |  2.2
Dodging        | |  2.3
Stealth        | |  0.1

Action                   |  1- 3 |  4- 6 || total
-------------------------+-------+-------++-------
Melee: Falchion          |   109 |    38 ||   147
       Punch             |     2 |     2 ||     4
Invok: Berserk           |       |     1 ||     1
       Trog's Hand       |       |     1 ||     1
Armor: Animal skin       |    16 |     4 ||    20
Dodge: Dodged            |    52 |    19 ||    71
